 Dungeon Crawl Stone Soup version 0.23-a0-38-g6d804a8 (webtiles) character file.

1177 Gergoth the Fighter (level 8, -10/91 HPs)
             Began as an Ogre Skald on Aug 5, 2018.
             Was an Initiate of Okawaru.
             Mangled by an orc warrior
             ... wielding a +0 long sword
              (13 damage)
             ... on level 7 of the Dungeon.
             The game lasted 00:16:28 (7373 turns).

Gergoth the Fighter (Ogre Skald)                    Turns: 7373, Time: 00:16:28

Health: -10/91     AC:  4    Str: 18    XL:     8   Next: 41%
Magic:  0/12       EV: 10    Int: 14    God:    Okawaru [......]
Gold:   88         SH:  0    Dex:  8    Spells: 8/13 levels left

rFire    + . .     SeeInvis .   p - +2 whip (freeze)
rCold    + . .     Gourm    .   (no shield)
rNeg     . . .     Faith    .   b - +1 robe
rPois    .         Spirit   +   (helmet restricted)
rElec    .         Reflect  .   (no cloak)
rCorr    .         Harm     .   (gloves unavailable)
MR       .....                  (boots unavailable)
Stlth    +.........             v - amulet of guardian spirit
HPRegen  0.25/turn              y - ring of protection from cold
MPRegen  0.13/turn              w - ring of protection from fire

@: very slightly contaminated
A: large, unfitting armour, tough skin 1
a: Renounce Religion


You were on level 7 of the Dungeon.
You worshipped Okawaru.
Okawaru was noncommittal.
You were hungry.

You visited 2 branches of the dungeon, and saw 8 of its levels.

You collected 448 gold pieces.
You spent 360 gold pieces at shops.

Inventory:

Hand Weapons
 a - a +0 mace
 p - a +2 whip of freezing (weapon)
Missiles
 x - 3 tomahawks (quivered)
Armour
 b - a +1 robe (worn)
Jewellery
 n - an uncursed ring of protection from fire
 v - an amulet of guardian spirit (around neck)
 w - a ring of protection from fire (right hand)
 y - a ring of protection from cold (left hand)
Wands
 o - a wand of acid (14)
 u - a wand of digging (20)
Scrolls
 c - 3 scrolls of fog
 e - 6 scrolls of teleportation
 g - 2 scrolls of enchant armour
 i - 4 scrolls of amnesia
 j - 2 scrolls of remove curse
 m - a scroll of noise
 r - a scroll of enchant weapon
 s - 7 scrolls of random uselessness
 D - a scroll of identify
Potions
 f - a potion of heal wounds
 h - 2 potions of might {unknown}
 l - 2 potions of degeneration {unknown}
 q - a potion of curing {unknown}
 z - 3 potions of agility
 A - 2 potions of flight
 C - a potion of haste {unknown}
Comestibles
 d - 15 rations


   Skills:
 + Level 8.9 Fighting
 + Level 6.1 Maces & Flails
 - Level 2.1 Dodging
 - Level 3.0 Spellcasting
 - Level 2.6 Charms
 - Level 2.4 Translocations


You had 8 spell levels left.
You knew the following spells:

 Your Spells              Type           Power        Failure   Level  Hunger
a - Infusion              Chrm           #...         7%          1    #......
b - Song of Slaying       Chrm           #.......     11%         2    ##.....
c - Shroud of Golubria    Chrm/Tloc      #.........   12%         2    ##.....

Your spell library contained the following spells:

 Spells                   Type           Power        Failure   Level  Hunger
 Fireball                 Conj/Fire      #.........   99%         5    ######.
 Regeneration             Chrm/Necr      #.........   36%         3    ###....
 Ice Form                 Ice/Tmut       #.......     91%         4    #####..
 Petrify                  Tmut/Erth      #.......     91%         4    #####..
 Beastly Appendage        Tmut           #.....       22%         1    #......
 Spectral Weapon          Hex/Chrm       #.......     36%         3    ###....
 Yara's Violent Unravell  Hex/Tmut       #.........   99%         5    ######.


Dungeon Overview and Level Annotations

Branches:
Dungeon (7/15)             Temple (1/1) D:5

Altars:
Ashenzari
Cheibriados
Dithmenos
Elyvilon
Fedhas
Gozag
Hepliaklqana
Kikubaaqudgha
Makhleb
Nemelex Xobeh
Okawaru
Qazlal
Ru
Sif Muna
Trog
Uskayaw
Vehumet
Wu Jian
Xom
Yredelemnul
Zin

Shops:
D:5 =[?


Innate Abilities, Weirdness & Mutations

You are too large for most types of armour.
You have tough skin. (AC +1)


Message History

The bullfrog hits you but does no damage.
The centaur hits you.
* * * LOW HITPOINT WARNING * * *
The bullfrog hits you but does no damage.
The orc warrior misses you.
As you read the scroll labeled KUABAX ZOET, it crumbles to dust.
It is a scroll of enchant weapon.
Your +1 whip of freezing glows red for a moment.
The centaur hits you but does no damage.
The bullfrog closely misses you. The centaur hits you.
* * * LOW HITPOINT WARNING * * *
Okay, then.
Okay, then.
As you read the scroll labeled LIEXAO DUAMERY, it crumbles to dust.
You feel aware of your surroundings.
You sensed 1 altar.
It was a scroll of magic mapping.
The bullfrog hits you.
* * * LOW HITPOINT WARNING * * *
The centaur barely misses you.
The orc warrior hits you with a long sword!
You die...

** *,** **,,*** *
**,#####* **,** *
**.##....#### *,,* *
***,........(.####
*,** *
***,,,.............#
**,*
*,,,>,.............#
*,****
**,,,,,.......<....#*
**,**,**
*,,,,,,.......Yo..##
*,,,,,,**
*,,,,,,.......F@.##
*,,,,,,,*
**,,,,,........c##
**,,,,,,,,
**,,,,.......###
*,,,,,,,,,
**,,,,<.....#*
**,,,,,,,,,
*,,,**....##* ***
*,,,,,,,,,,
*,,***####*
**,***,,,,,,,,,,
**,,*
***,,**,,,,,,,,,,,
*,,**
*,,,,**,,,,,,,,,,,
**,,* ***
**,,,,,,,,,,,,,,,,,


You could see an orc warrior, an ice beast, a bullfrog and a centaur.

Vanquished Creatures
  Sigmund (D:2)
  An ice beast (D:5)
  An ogre (D:5)
  A phantom (D:6)
  A big kobold (D:6)
  2 howler monkeys
  A crimson imp (D:5)
  A hound (D:4)
  2 orc priests
  A centaur skeleton (D:4)
  An orc wizard (D:5)
  An iguana (D:6)
  A worker ant (D:5)
  A hound zombie (D:5)
  3 hound skeletons
  8 gnolls
  11 adders
  2 oozes
  A worm (D:5)
  2 dart slugs
  5 leopard geckos
  12 orcs
  8 bats
  12 giant cockroaches
  6 goblins
  8 hobgoblins
  5 quokkas
  5 frilled lizards
  A jackal skeleton (D:5)
  A jackal zombie (D:5)
  29 kobolds
  A quokka zombie (D:6)
  9 rats
145 creatures vanquished.

Notes
Turn   | Place    | Note
-------+----------+-------------------------------------------
     0 | D:1      | Gergoth the Ogre Skald began the quest for the Orb.
     0 | D:1      | Reached XP level 1. HP: 22/22 MP: 3/3
     2 | D:1      | Noticed a felid
     2 | D:1      | Noticed a vine stalker
     4 | D:1      | Noticed a minotaur
     4 | D:1      | Noticed a demonspawn
     8 | D:1      | Noticed a vampire
    10 | D:1      | Noticed a spriggan
    10 | D:1      | Noticed an octopode
    12 | D:1      | Noticed a tengu
    14 | D:1      | Noticed a human
    14 | D:1      | Noticed a draconian
    20 | D:1      | Noticed a centaur
    20 | D:1      | Noticed a dwarf
    22 | D:1      | Noticed a halfling
    22 | D:1      | Noticed an ogre
    24 | D:1      | Noticed a formicid
    24 | D:1      | Noticed a gargoyle
    26 | D:1      | Noticed a demigod
    26 | D:1      | Noticed an elf
    28 | D:1      | Noticed a ghoul
    30 | D:1      | Noticed a merfolk
    30 | D:1      | Noticed a naga
    33 | D:1      | Noticed a troll
   307 | D:1      | Reached skill level 3 in Fighting
   311 | D:1      | Reached XP level 2. HP: 22/31 MP: 1/5
   397 | D:1      | Learned a level 2 spell: Song of Slaying
   978 | D:1      | Reached XP level 3. HP: 29/37 MP: 3/7
  1029 | D:1      | Learned a level 2 spell: Shroud of Golubria
  1801 | D:2      | Reached skill level 4 in Fighting
  1801 | D:2      | Reached skill level 1 in Translocations
  1801 | D:2      | Reached XP level 4. HP: 44/48 MP: 8/8
  2383 | D:2      | Noticed Sigmund
  2402 | D:2      | Killed Sigmund
  2402 | D:2      | Reached skill level 5 in Fighting
  2402 | D:2      | Reached XP level 5. HP: 36/57 MP: 0/9
  2402 | D:2      | Reached XP level 6. HP: 42/66 MP: 0/10
  2782 | D:3      | Found an opulent altar of Gozag.
  2785 | D:3      | Found a shadowy altar of Dithmenos.
  2788 | D:3      | Found a radiant altar of Vehumet.
  2985 | D:3      | Found an ornate altar of the Wu Jian Council.
  2988 | D:3      | Found a hazy altar of Hepliaklqana.
  2992 | D:3      | Found a basalt altar of Yredelemnul.
  2992 | D:3      | Found a burning altar of Makhleb.
  2992 | D:3      | Found an ancient bone altar of Kikubaaqudgha.
  2995 | D:3      | Found a snail-covered altar of Cheibriados.
  3982 | D:4      | Found a shimmering altar of Xom.
  3990 | D:4      | Reached skill level 6 in Fighting
  4309 | D:4      | Reached XP level 7. HP: 66/75 MP: 11/11
  4767 | D:4      | Found a deep blue altar of Sif Muna.
  5062 | D:5      | Entered Level 5 of the Dungeon
  5110 | D:5      | Found Wogeghec's Jewellery Shop.
  5214 | D:5      | Bought an uncursed ring of protection from cold for 350 gold pieces
  5232 | D:5      | Reached skill level 7 in Fighting
  5419 | D:5      | Found a staircase to the Ecumenical Temple.
  5532 | D:5      | Found Mesoziur's Magic Scroll Shop.
  5559 | D:5      | Reached skill level 5 in Maces & Flails
  5573 | D:5      | Bought a scroll of random uselessness for 10 gold pieces
  5629 | Temple   | Entered the Ecumenical Temple
  5637 | Temple   | Became a worshipper of Warmaster Okawaru
  6083 | D:5      | Found Plog's Antique Armour Shop.
  6175 | D:5      | Reached skill level 8 in Fighting
  6175 | D:5      | Reached XP level 8. HP: 61/88 MP: 1/12
  6900 | D:6      | Identified the Catalogue of Torrid Changing
  7373 | D:7      | HP: 3/91 [bullfrog (3)]
  7373 | D:7      | Mangled by an orc warrior

Vault maps used:
D:1:      kb_arrival_jail
D:2:      uniq_sigmund
D:3:      grunt_temple_overflow_diamond, minitemple
D:4:      led_sif_book, nicolae_overflow_crystal_walls, first_ration
D:5:      minmay_temple_entry_junction, serial_shops, shop_coins, shop,
          shop_scrolls
D:6:      kennysheep_kobold_camp, gammafunk_ghost_grave, cheibrodos_worm_habitat
D:7:      ebering_ghost_inner_flame, basic_altar, minmay_misc_feat_room
Temple:   eino_wide_crystal_templ

Skill      XL: |  1  2  3  4  5  6  7  8 |
---------------+-------------------------+-----
Fighting       | 3 4 5 6 8 |  8.9
Maces & Flails | 2 3 4 5 6 |  6.1
Spellcasting   | 3 |  3.0
Translocations | 1 2 |  2.4
Dodging        | |  2.1
Charms         | |  2.6

Action                   |  1- 3 |  4- 6 |  7- 9 || total
-------------------------+-------+-------+-------++-------
Melee: Mace              |    77 |       |    10 ||    87
       Whip              |    51 |   234 |   278 ||   563
Throw: Throwing net      |       |     1 |     1 ||     2
       Tomahawk          |       |       |     3 ||     3
 Cast: Infusion          |     5 |     1 |     3 ||     9
       Shroud of Golubri |     1 |    10 |    11 ||    22
       Song of Slaying   |       |       |     1 ||     1
  Use: Scroll            |       |     7 |     8 ||    15
  Eat: Chunk             |     3 |     9 |    10 ||    22
Armor: Robe              |    41 |    43 |    68 ||   152
Dodge: Dodged            |    81 |   103 |   115 ||   299

Table legend:
 A = Spawn XP
 B = Non-spawn XP
 C = Spawn XP percentage of total XP
 D = Spawn monster count
 E = Non-spawn monster count
 F = Spawn count percentage of total count
 G = Total turns spent on level
                    A         B        C        D         E        F      G
               +---------+---------+-------+---------+---------+-------+---------
         Total |       0 |    1682 |   0.0 |       0 |     145 |   0.0 |  7373
               +---------+---------+-------+---------+---------+-------+---------
           D:1 |       0 |      52 |   0.0 |       0 |      28 |   0.0 |  1494
           D:2 |       0 |     320 |   0.0 |       0 |      27 |   0.0 |  1451
           D:3 |       0 |     127 |   0.0 |       0 |      23 |   0.0 |  1013
           D:4 |       0 |     321 |   0.0 |       0 |      19 |   0.0 |  1104
           D:5 |       0 |     553 |   0.0 |       0 |      21 |   0.0 |  1686
           D:6 |       0 |     309 |   0.0 |       0 |      27 |   0.0 |   556
               +---------+---------+-------+---------+---------+-------+---------
